 Dungeon Crawl Stone Soup version 0.27-a0-720-g3f424a255b (webtiles) character file.

Game seed: 4415775276531510868

2 DarkShadow the Shield-Bearer (level 1, 0/20 HPs)
             Began as a Minotaur Fighter on Mar 23, 2021.
             Succumbed to an adder's poison
             ... on level 2 of the Dungeon.
             The game lasted 00:00:20 (182 turns).

DarkShadow the Shield-Bearer (Minotaur Fighter)      Turns: 182, Time: 00:00:20

Health: 0/20       AC:  7    Str: 20    XL:     1   Next: 33%
Magic:  0/0        EV:  7    Int:  5    God:
Gold:   17         SH:  9    Dex:  9    Spells: 0/0 levels left

rFire    . . .     SeeInvis .   a - +0 war axe
rCold    . . .     Faith    .   c - +0 kite shield
rNeg     . . .     Spirit   .   b - +0 scale mail
rPois    .         Reflect  .   (helmet restricted)
rElec    .         Harm     .   (no cloak)
rCorr    .         Rampage  .   (no gloves)
Will     .....                  (no boots)
Stlth    ..........             (no amulet)
HPRegen  0.06/turn              (no ring)
MPRegen  0.07/turn              (no ring)

@: lethally poisoned (0 -> -11)
A: horns 2, retaliatory headbutt
a: no special abilities


You were on level 2 of the Dungeon.
You visited 1 branch of the dungeon, and saw 2 of its levels.

You collected 17 gold pieces.

Inventory:

Hand Weapons
 a - a +0 war axe (weapon)
Armour
 b - a +0 scale mail (worn)
 c - a +0 kite shield (worn)
Scrolls
 e - a scroll of identify {unknown}
Potions
 d - a potion of might


   Skills:
 + Level 3.7 Fighting
 + Level 2.4 Axes
 + Level 3.7 Armour
 + Level 3.7 Shields


You couldn't memorise any spells.
You didn't know any spells.
Your spell library contained the following spells:

 Spells                   Type           Power      Damage    Failure   Level
 Animate Skeleton         Necr           0%         N/A       100%        1
 Apportation              Tloc           0%         N/A       100%        1
 Corona                   Hex            0%         N/A       100%        1
 Summon Small Mammal      Summ           0%         N/A       100%        1


Dungeon Overview and Level Annotations

Branches:
Dungeon (1/15)

Altars:


Innate Abilities, Weirdness & Mutations

You have a pair of horns on your head.
You reflexively headbutt those who attack you in melee.


Message History

A jackal comes into view.
The jackal barks!
You hear a bark!
A jackal comes into view.
You hear a shout!
The jackal bites you but does no damage.
You barely miss the jackal. You headbutt the jackal.
You kill the jackal!
An adder comes into view.
A bat comes into view.
You closely miss the adder. You block the bat's attack.
The adder barely misses you. You furiously retaliate!
You headbutt the adder, but do no damage.
The adder bites you.
You are poisoned.
The adder poisons you! The bat barely misses you. You furiously retaliate!
You headbutt the bat. You barely miss the adder.
Your headbutt misses the adder. You miss the bat.
You feel sick. The bat hits you but does no damage.
You block the adder's attack. The adder bites you.
You miss the adder.
You feel sick. The bat barely misses you. You furiously retaliate!
You headbutt the bat.
You kill the bat!
The adder bites you but does no damage. x2
You closely miss the adder. Your headbutt misses the adder.
You feel sick.
You are no longer poisoned.
The adder bites you. x2
You are poisoned.
The adder poisons you!
You barely miss the adder. Your headbutt misses the adder.
* * * LOW HITPOINT WARNING * * *
You feel very sick. The adder bites you but does no damage.
The adder bites you.
* * * LOW HITPOINT WARNING * * *
You closely miss the adder. Your headbutt misses the adder.
* * * LOW HITPOINT WARNING * * *
You feel sick. The adder bites you but does no damage.
The adder barely misses you. You furiously retaliate!
You headbutt the adder. You miss the adder. Your headbutt misses the adder.
The adder is heavily wounded.
You die...

+...'............#
#...############.#
... #.# .# #.# #.#
#.# #.# #.# #@#
#S†......
#..#..### #..#
.... #..# ### ...#
...# ...#


You could see an adder.

Vanquished Creatures
  A bat (D:2)
  A jackal (D:2)
2 creatures vanquished.

Notes
Turn   | Place    | Note
-------+----------+-------------------------------------------
     0 | D:1      | DarkShadow the Minotaur Fighter began the quest for the
                  | Orb.
     0 | D:1      | Reached XP level 1. HP: 19/19 MP: 0/0
   141 | D:1      | You fall into a shaft and drop 1 floor!
   181 | D:2      | HP: 1/20 [poisoned by an adder]
   182 | D:2      | Succumbed to an adder's poison

Illustrated notes

Levels and vault maps discovered:
D:1:      nagdon_arrival_double_spiral, layout_basic, serial_shops,
          nicolae_shop_behind_doors
D:2:      layout_basic, skrybe_limestone_x, uniq_sigmund, uniq_jessica

Action                   || total
-------------------------++-------
Melee: War axe           ||     8
       Headbutt          ||     1
Armor: Scale mail        ||     6
Dodge: Dodged            ||     4
Block: Kite shield       ||     2

Table legend: (Time is in decaauts)
 A = Elapsed time spent in this place.
 B = Non-inter-level travel time spent in this place.
 C = Inter-level travel time spent in this place.
 D = Time resting spent in this place.
 E = Time spent auto-exploring this place.
 F = Levels seen in this place.
 G = Mean time per level.
                   A        B        C        D        E       F      G
               +--------+--------+--------+--------+--------+-----+--------+
         Total |    185 |    185 |      0 |      0 |    148 |   2 |   92.5 |
       Dungeon |    185 |    185 |      0 |      0 |    148 |   2 |   92.5 |
               +--------+--------+--------+--------+--------+-----+--------+

Top non-repeatable levels by time:
     D:1: 141 daAuts
     D:2: 44 daAuts
